 Dungeon Crawl Stone Soup version 0.27-a0-1200-g94dc6ad4cf (webtiles) character file.

Game seed: 586692929069823841

226 Tocho the Magician (level 6, 0/43 HPs)
             Began as a Djinni Air Elementalist on May 30, 2021.
             Shot with an arrow by a centaur (4 damage)
             ... on level 4 of the Dungeon.
             The game lasted 00:09:41 (3930 turns).

Tocho the Magician (Djinni Air Elementalist)        Turns: 3930, Time: 00:09:42

Health: 0/43       AC:  2    Str:  8 (9)  XL:     6   Next: 21%
Gold:   199        EV: 12    Int: 14 (17) God:
                   SH:  0    Dex: 10 (13)

rFire    + + .     SeeInvis +   m - +0 dagger
rCold    x . .     Faith    .   (no shield)
rNeg     . . .     Spirit   .   a - +0 robe
rPois    ∞         Reflect  .   (no helmet)
rElec    .         Harm     .   (no cloak)
rCorr    .         Rampage  .   (no gloves)
Will     .....                  (boots unavailable)
Stlth    ++........             (no amulet)
HPRegen  0.14/turn              d - ring of see invisible
MPRegen  0.00/turn              (no ring)

@: flying
A: sickness immunity, fire resistance 2, cold vulnerability 1, float, innate
caster, hp casting, extra vitality 1
a: no special abilities


You were on level 4 of the Dungeon.
You visited 1 branch of the dungeon, and saw 4 of its levels.

You collected 199 gold pieces.

Inventory:

Hand Weapons
 f - a +1 whip of venom
 m - a +0 dagger (weapon)
Missiles
 j - 14 poisoned darts
Armour
 a - a +0 robe (worn)
Jewellery
 d - a ring of see invisible (left hand)
 n - a ring of fire
Wands
 q - a wand of polymorph (6)
Scrolls
 c - a scroll of magic mapping {unknown}
 e - 4 scrolls of identify {unknown}
 o - a scroll of noise {unknown}
 p - a scroll of blinking {unknown}
Potions
 b - a potion of degeneration
 g - a potion of cancellation {unknown}
 h - a potion of magic
 i - a potion of curing {unknown}
 k - a potion of ambrosia {unknown}
 l - 2 potions of brilliance {unknown}
 r - a potion of berserk rage {unknown}


   Skills:
 * Level 1.9 Fighting
 * Level 1.9 Armour
 + Level 2.7 Dodging
 + Level 2.2 Stealth
 + Level 3.9 Spellcasting


You couldn't memorise any spells.
You knew the following spells:

 Your Spells              Type           Power      Damage    Failure   Level
a - Shock                 Conj/Air       52%        1d6       3%          1
b - Static Discharge      Conj/Air       13%        N/A       6%          2
c - Swiftness             Air            13%        N/A       12%         3
d - Airstrike             Air            6%         N/A       36%         4
e - Lightning Bolt        Conj/Air       6%         1d18      71%         5
f - Sting                 Tmut/Pois      52%        1d5       3%          1
g - Call Imp              Summ           13%        N/A       6%          2
Your spell library was empty.

Dungeon Overview and Level Annotations

Branches:
Dungeon (4/15)
 Temple: D:4-7

Altars:
Nemelex Xobeh


Innate Abilities, Weirdness & Mutations

You are immune to sickness and miasma.
You are immune to poison.
Your flesh is very heat resistant. (rF++)
You are vulnerable to cold. (rC-)
You float through the air rather than walking.
You learn spells naturally, not from books.
Your magical power is your life essence.
You have superior vitality. (+4 HP)


Message History

Unknown command.
Unknown command.
Aiming: Shock (safe; 3% risk of failure)
Press: ? - help, Q - select action, (/) - cycle Shift-Dir - straight line, f/p - hound
Aim: a hound (heavily wounded, 60% to hit)
The zap hits the hound.
The hound is almost dead.
Aiming: Shock (safe; 3% risk of failure)
Press: ? - help, Q - select action, (/) - cycle Shift-Dir - straight line, f/p - hound
Aim: a hound (almost dead, 60% to hit)
The zap hits the hound.
You kill the hound!
You hear the slow hiss of a distant avalanche of sand.
There is an open door here.
There is a fountain of sparkling water here.
A centaur comes into view.
The centaur shouts!
The centaur wields a +0 shortbow.
The centaur shoots an arrow.
The arrow hits you!
Aiming: Shock (safe; 3% risk of failure)
Press: ? - help, Q - select action, (/) - cycle Shift-Dir - straight line, f - centaur
Aim: a centaur, wielding a +0 shortbow and quivering arrows (83% to hit)
The zap hits the centaur.
The centaur is lightly wounded.
The centaur shoots an arrow.
The arrow hits you!
Aiming: Shock (safe; 3% risk of failure)
Press: ? - help, Q - select action, (/) - cycle Shift-Dir - straight line, f/p - centaur
Aim: a centaur, wielding a +0 shortbow and quivering arrows (lightly wounded, 83% to hit)
The zap hits the centaur.
The centaur is heavily wounded.
The centaur shoots an arrow.
The arrow hits you!
* * * LOW HITPOINT WARNING * * *
The centaur shoots an arrow.
The arrow hits you.
* * * LOW HITPOINT WARNING * * *
It was a potion of degeneration.
There was something very wrong with that liquid.
You feel weakened.
You feel dopey.
You feel clumsy.
It was a potion of magic.
Magic courses through your body.
The centaur shoots an arrow.
The arrow hits you.
You die...

#.# ##+###.## .......#
#####.....###### #######
...............# #......
...............# #......
...............####......
...c...........'.........
......##@......####......
..... #.⌠.⌠...# #......
#### #.._....# #......
##⌠.⌠.### ##..... ##...#
#..... ##### #.....
#..... #..... #.....


You could see a centaur.

Vanquished Creatures
  2 hounds
  Terence (D:3)
  6 adders
  3 worms
  A dart slug (D:1)
  An orc (D:3)
  7 ball pythons
  7 endoplasms
  4 giant cockroaches
  5 goblins
  8 hobgoblins
  6 jackals
  2 quokkas (D:1)
  4 bats
  7 frilled lizards
  6 kobolds
  7 rats
77 creatures vanquished.

Notes
Turn   | Place    | Note
-------+----------+-------------------------------------------
     0 | D:1      | Tocho the Djinni Air Elementalist began the quest for the
                  | Orb.
     0 | D:1      | Reached XP level 1. HP: 15/15 MP: 0/0
   167 | D:1      | Reached XP level 2. HP: 14/21 MP: 0/0
   794 | D:1      | Reached XP level 3. HP: 20/25 MP: 0/0
   794 | D:1      | Learned a level 1 spell: Sting
   919 | D:1      | Found a faded altar of an unknown god.
   922 | D:1      | Reached skill level 3 in Spellcasting
  1648 | D:2      | Reached XP level 4. HP: 21/31 MP: 0/0
  1989 | D:2      | Reached skill level 1 in Armour
  1991 | D:2      | Reached skill level 1 in Fighting
  2584 | D:3      | Reached XP level 5. HP: 21/37 MP: 0/0
  2584 | D:3      | Learned a level 2 spell: Call Imp
  3408 | D:3      | Noticed Terence
  3413 | D:3      | Killed Terence
  3718 | D:4      | Reached XP level 6. HP: 39/43 MP: 0/0
  3892 | D:4      | Found a sparkling altar of Nemelex Xobeh.
  3930 | D:4      | Shot with an arrow by a centaur

Illustrated notes

Levels and vault maps discovered:
D:1:      minmay_arrival_doors, layout_rooms, hellmonk_ecumenical_altar_lost_god
D:2:      layout_rooms
D:3:      layout_loops_cross, minivault_4, uniq_terence
D:4:      layout_basic, nemelex_xobeh_ov_fountains_minmay, lemuel_doored_altar,
          gup_ossuary_entry_pyramid

Skill      XL: |  1  2  3  4 |
---------------+-------------+-----
Spellcasting   | 3 |  3.9
Stealth        | 2 |  2.2
Armour         | 1 |  1.9
Fighting       | 1 |  1.9
Dodging        | |  2.7

Action                   |  1- 3 |  4- 6 || total
-------------------------+-------+-------++-------
 Cast: Shock             |    83 |   101 ||   184
       Static Discharge  |       |     8 ||     8
  Use: Potion            |       |     2 ||     2
Armor: Robe              |     2 |     5 ||     7
Dodge: Dodged            |    17 |    16 ||    33

Table legend: (Time is in decaauts)
 A = Elapsed time spent in this place.
 B = Non-inter-level travel time spent in this place.
 C = Inter-level travel time spent in this place.
 D = Time resting spent in this place.
 E = Time spent auto-exploring this place.
 F = Levels seen in this place.
 G = Mean time per level.
                   A        B        C        D        E       F      G
               +--------+--------+--------+--------+--------+-----+--------+
         Total |   3929 |   3815 |    114 |    118 |   3108 |   4 |  982.2 |
       Dungeon |   3929 |   3815 |    114 |    118 |   3108 |   4 |  982.2 |
               +--------+--------+--------+--------+--------+-----+--------+

Top non-repeatable levels by time:
     D:1: 1635 daAuts
     D:3: 1383 daAuts
     D:2: 676 daAuts
     D:4: 233 daAuts
